[Event "Prague Open 2024"]
[Site "Prague"]
[Date "2024.01.12"]
[Round "9.13"]
[White "Mohylnyi, Stepan"]
[Black "Pousada Garcia, Victor Daniel"]
[Result "1/2-1/2"]
[ECO "B28"]
[WhiteElo "2180"]
[BlackElo "1965"]
[Annotator "TA"]
[PlyCount "75"]
[EventDate "2024.01.02"]
[EventType "swiss"]
[EventCountry "CZE"]
[SourceTitle "playchess.com"]
[Source "ChessBase"]
[SourceQuality "1"]
[TimeControl "40/5400+30:1800+30"]

1. e4 c5 2. Nf3 a6 3. c4 e6 4. Nc3 Qc7 5. d4 cxd4 6. Nxd4 Nf6 7. Be2 Bb4 8. Qc2 Nc6 9. Nxc6 dxc6 10. a3 {[%emt 0:03:47] Weiß steht etwas besser.} Bd6 11. Be3 e5 (11... b5 $11 {bleibt in der Remisbreite.}) 12. c5 $16 Be7 13. h3 {[%emt 0:00:39] Lässt Ng4 nicht zu. Weiß steht aktiver.} Be6 14. b4 Rd8 15. O-O O-O 16. f4 exf4 17. Bxf4 Qc8 18. Na4 Rd4 19. Bd3 {[%emt 0:13:50] [#]} (19. Nb6 $16 Qd8 20. Rad1) 19... Bxh3 20. gxh3 Qxh3 21. Nb2 Rfd8 22. Qg2 (22. Rad1 $11 {hält das Gleichgewicht.}) 22... Rxd3 $17 23. Nxd3 Qxd3 24. Rfd1 Qxd1+ (24... Qxe4 25. Rxd8+ Bxd8 26. Qxe4 Nxe4 27. Rd1 $18) 25. Rxd1 Rxd1+ 26. Kh2 {[%emt 0:00:02] [#]} (26. Kf2 $142) 26... h5 $1 {[%emt 0:01:05] Droht ...Ng4+ und aus.} 27. Qe2 Rd4 28. e5 {[%emt 0:00:33] [#]} Re4 $2 (28... Rxf4 29. exf6 Bxf6 30. Qe8+ Kh7 31. Qxf7 $16) (28... Ng4+ $1 $17 29. Kg3 g6) 29. Qf3 (29. Qd3 $1 $11 Rxf4 30. exf6 Bxf6 31. Qd7) 29... Ng4+ 30. Kg2 Rc4 (30... Nxe5 $2 {zu gefräßig.} 31. Qxe4 Ng6 32. Bd6 $18) (30... Rd4 $17 31. Bc1 g6 (31... Nxe5 32. Qxh5 Bf6 33. Qh3 $15)) 31. Bg3 ({Vorzuziehen ist} 31. Bd2 $1 $15) 31... h4 $2 (31... Rd4 $17 {...Bg5 ist eine echte Drohung.} 32. Qe2 g6) 32. Bf2 $2 (32. Bf4 $16 {ist erzwungen, um die Oberhand zu behalten.} Nh6 33. e6 (33. Bxh6 Rc2+ 34. Kh1 gxh6 $16) 33... h3+ 34. Kg1 (34. Kxh3 g5 $16) 34... fxe6 35. Bxh6 gxh6 36. Qxh3) 32... Nxe5 $19 33. Qf5 Bf6 34. Qc8+ (34. Be3 {ist eine bessere Verteidigung.}) 34... Kh7 {[%emt 0:00:04] ...g5 wäre nun fies.} 35. Qf5+ Kg8 36. Qc8+ Kh7 37. Qf5+ Kg8 $2 ({Besser ist} 37... Ng6 $19 {Und ...Rc3 würde nun gewinnen.} 38. Bg1 Rc3) 38. Qc8+ {[%emt 0:00:51] Gewichteter Fehlerwert: Weiß=0.40/Schwarz=0.57.  Verlustzug:     	Weiß=1     	---        Gewinn verpasst:   	---       	Schwarz=1     Fehler:       	Weiß=6     	Schwarz=4     Ungenau:       	Weiß=1     	Schwarz=1     OK:         	Weiß=12    	Schwarz=8     Bester:       	Weiß=2     	Schwarz=5     Stark:        	---       	Schwarz=1} 1/2-1/2

[Event "Prague Open 2024"]
[Site "Prague"]
[Date "2024.01.12"]
[Round "9.14"]
[White "Teng, Jiarong"]
[Black "Sindler, Michal"]
[Result "1/2-1/2"]
[ECO "B67"]
[WhiteElo "2063"]
[BlackElo "2158"]
[Annotator "TA"]
[PlyCount "32"]
[EventDate "2024.01.02"]
[EventType "swiss"]
[EventCountry "CZE"]
[SourceTitle "playchess.com"]
[Source "ChessBase"]
[SourceQuality "1"]
[TimeControl "40/5400+30:1800+30"]

1. e4 c5 2. Nf3 d6 3. d4 cxd4 4. Nxd4 Nf6 5. Nc3 Nc6 6. Bg5 e6 7. Qd2 a6 8. O-O-O Bd7 9. f4 b5 10. Bxf6 gxf6 11. f5 {[%emt 0:01:15] White is more active.} h5 {[%emt 0:01:18] [#] ...Bh6 is the strong threat.} 12. Kb1 Qb6 13. Nxc6 Bxc6 14. Qe1 b4 $1 {[%emt 0:06:53] [#]} 15. Nd5 Bxd5 (15... exd5 $2 {loses.} 16. exd5+ Be7 17. dxc6 $18) 16. exd5 e5 {[%emt 0:00:11] Black did not feel at home in the position after the opening.   Weighted Error Value: White=0.12 (very precise) /Black=0.06 (flawless) .  Inaccurate:     	White=1     	---        OK:         	White=2     	Black=2      Best:        	---       	Black=1      Strong:       	---       	Black=1} 1/2-1/2

[Event "Prague Open 2024"]
[Site "Prague"]
[Date "2024.01.12"]
[Round "9.15"]
[White "Rakovsky, Jakub"]
[Black "Ye, Fan"]
[Result "1/2-1/2"]
[ECO "B30"]
[WhiteElo "2157"]
[BlackElo "1660"]
[Annotator "TA"]
[PlyCount "59"]
[EventDate "2024.01.02"]
[EventType "swiss"]
[EventCountry "CZE"]
[SourceTitle "playchess.com"]
[Source "ChessBase"]
[SourceQuality "1"]
[TimeControl "40/5400+30:1800+30"]

1. e4 c5 2. Nf3 Nc6 3. c3 Nf6 4. e5 Nd5 5. d4 cxd4 6. cxd4 d6 7. Bc4 dxe5 8. dxe5 Be6 9. O-O Nc7 10. Qe2 g6 {[%emt 0:00:11] The position is equal.} 11. Nc3 Bg7 12. Bf4 O-O 13. Rfd1 {[%emt 0:04:56] Inhibits Nd4.} Qc8 14. Rac1 h6 15. Bd3 Bf5 16. Qe3 Kh7 17. Be4 Bxe4 18. Nxe4 Ne6 19. Bg3 Rd8 20. a3 Rxd1+ 21. Rxd1 Qc7 22. Nf6+ Kh8 (22... exf6 {is interesting.} 23. exf6 Rd8 24. Rxd8 Qxd8 25. fxg7 Qd1+) 23. Nd5 Qa5 24. Nf4 Rd8 25. Rc1 (25. Rxd8+ $11 Ncxd8 26. h4) 25... Nxf4 (25... Nxe5 $2 {too greedy.} 26. Nxe5 Ng5 27. h4 $18) 26. Bxf4 g5 27. Bg3 e6 28. h3 Rd5 29. Re1 Qb5 30. Qe2 {[%emt 0:00:49] Weighted Error Value: White=0.12 (very precise) /Black=0.05 (flawless) .  Mistake:       	White=1     	---        Inaccurate:     	White=4     	Black=1      OK:         	White=4     	Black=10     Best:        	---       	Black=1} 1/2-1/2

[Event "Prague Open 2024"]
[Site "Prague"]
[Date "2024.01.12"]
[Round "9.16"]
[White "Zrust, Lukas"]
[Black "Arndt, Stefan"]
[Result "0-1"]
[ECO "B40"]
[WhiteElo "1623"]
[BlackElo "2130"]
[Annotator "TA"]
[PlyCount "62"]
[EventDate "2024.01.02"]
[EventType "swiss"]
[EventCountry "CZE"]
[SourceTitle "playchess.com"]
[Source "ChessBase"]
[SourceQuality "1"]
[TimeControl "40/5400+30:1800+30"]

1. e4 c5 2. Nf3 e6 3. d4 cxd4 4. Nxd4 Nf6 5. Nc3 Nc6 6. Be3 Bb4 7. f3 d5 8. exd5 Nxd5 9. Nxc6 bxc6 10. Bd4 {[%emt 0:06:36] [#]} ({Better is} 10. Bd2 $15) 10... O-O $2 (10... e5 $1 $19 {[%cal Re5d4] and Black stays clearly on top.} 11. Bxe5 O-O) 11. a3 $17 Nxc3 12. bxc3 Ba5 {[%emt 0:04:56][%cal Oe6e5] White must now prevent ...e5!} 13. Bd3 $2 {[%emt 0:03:26] [#]} e5 $1 $19 14. Bc5 Bxc3+ 15. Kf1 (15. Kf2 {is the only way for White.}) 15... Bxa1 16. Bxf8 Bd4 17. Bb4 Be6 18. h4 (18. Qe2 {is a better defense.}) 18... Rb8 19. g3 (19. Qe2 {was called for.}) 19... c5 20. Bd2 c4 21. Be2 c3 22. Be1 (22. Bc1 $142) 22... Qa5 {[%emt 0:02:14] White is weak on the dark squares} 23. Bd3 (23. h5 $142) 23... Qxa3 24. h5 f5 25. Bf2 Qc5 26. Bxd4 Qxd4 (26... exd4 $2 27. h6 $19) 27. Rh4 {[%emt 0:01:10] [#]} (27. Kg2 e4 28. fxe4) 27... e4 $1 {[%emt 0:03:08] And now ...Qd6 would win.} 28. fxe4 (28. Kg2 Bd5) 28... fxe4 {[%emt 0:00:08] ( -> ...Rf8+)} 29. Rxe4 Bh3+ {[%emt 0:01:04] Black mates.} 30. Ke2 Bg4+ 31. Kf1 Rf8+ {[%emt 0:00:09] Weighted Error Value: White=0.98/Black=0.30.  Loses game:     	White=2     	---        Missed win:     	---       	Black=1      Mistake:       	White=6     	---        Inaccurate:     	White=2     	Black=2      OK:         	White=5     	Black=9      Best:        	White=1     	Black=2      Brilliant:      	---       	Black=1} (31... Bxd1 32. Rxd4 Rb1 (32... Bxh5 33. Rc4 $15) 33. Kf2 $11) 0-1

[Event "Prague Open 2024"]
[Site "Prague"]
[Date "2024.01.12"]
[Round "9.17"]
[White "Khandhar, Kaushal"]
[Black "Golis, Wiktor"]
[Result "1-0"]
[ECO "D00"]
[WhiteElo "1840"]
[BlackElo "2123"]
[Annotator "TA"]
[PlyCount "63"]
[EventDate "2024.01.02"]
[EventType "swiss"]
[EventCountry "CZE"]
[SourceTitle "playchess.com"]
[Source "ChessBase"]
[SourceQuality "1"]
[TimeControl "40/5400+30:1800+30"]

1. d4 d5 2. Bf4 c5 3. e3 cxd4 4. exd4 Nc6 5. c3 e6 6. Nd2 Bd6 7. Bg3 Nge7 8. Bd3 {[%emt 0:01:01] The position is equal.} O-O 9. f4 f6 10. Qe2 Qc7 11. Nh3 e5 12. fxe5 fxe5 13. dxe5 Bxe5 14. O-O-O Bf5 15. Nf3 Bd6 (15... Bxg3 $11 {remains equal.} 16. hxg3 Rae8) 16. Bxf5 $16 Nxf5 17. Qe6+ Kh8 18. Rxd5 Bxg3 19. Rxf5 Bd6 20. Nhg5 {[%emt 0:02:34][%cal Bh3g5,Bg5f7,Bf7d8,Bd8e6][%mdl 32] [#] Threatens to win with Nf7+.} Bf4+ 21. Kb1 {[%emt 0:00:24] White is more active.} g6 $2 {[%emt 0:00:47][%mdl 8192] This move loses the game for Black.} (21... Rxf5 $16 {is more resistant.} 22. Qxf5 Bxg5) 22. Nf7+ $18 Kg8 23. Nd8+ Kg7 24. Rxf8 Kxf8 25. Qf6+ Kg8 26. Ne6 Qd7 27. Nxf4 {[%emt 0:00:32] Excellent horsemanship.} Re8 28. Kc1 Qc7 {[%emt 0:02:04] [#]} 29. Nxg6 $1 hxg6 (29... Qg7 30. Qxg7+) 30. Qxg6+ Kf8 31. Rf1 {[%emt 0:00:32] Threatening mate with Ne5+.} Re7 (31... Qf7 $18 32. Qxf7+ (32. Nd2 Re1+ 33. Kc2 Rxf1 $11) 32... Kxf7 33. Ne5+ Kg7) 32. Ne5+ {[%emt 0:00:28] Weighted Error Value: White=0.23 (precise) /Black=0.76.  Loses game:     	---       	Black=1      Mistake:       	---       	Black=1      Inaccurate:     	White=2     	Black=1      OK:         	White=12    	Black=6      Best:        	White=5     	Black=2} 1-0

[Event "Prague Open 2024"]
[Site "Prague"]
[Date "2024.01.12"]
[Round "9.18"]
[White "Cziko, Eduard-Carol"]
[Black "Gomes, Mary Ann"]
[Result "0-1"]
[ECO "B40"]
[WhiteElo "1946"]
[BlackElo "2332"]
[Annotator "RC"]
[PlyCount "34"]
[EventDate "2024.01.02"]
[EventType "swiss"]
[EventCountry "CZE"]
[SourceTitle "playchess.com"]
[Source "ChessBase"]
[SourceQuality "1"]
[TimeControl "40/5400+30:1800+30"]

1. e4 c5 2. Nf3 e6 3. g3 Nc6 4. Bg2 Nf6 5. Nc3 d6 6. O-O Be7 7. d4 cxd4 8. Nxd4 Nxd4 9. Qxd4 O-O 10. Rd1 Qa5 11. Ne2 Bd7 12. Qd3 Ng4 13. Bf4 Qb6 14. Be3 Nxe3 15. fxe3 Rac8 16. e5 Bb5 17. Qd2 Bg5 0-1

[Event "Prague Open 2024"]
[Site "Prague"]
[Date "2024.01.12"]
[Round "9.19"]
[White "Berin, Artem"]
[Black "Elashvili, Giorgi"]
[Result "1-0"]
[ECO "A40"]
[WhiteElo "2327"]
[BlackElo "1942"]
[Annotator "RC"]
[PlyCount "117"]
[EventDate "2024.01.02"]
[EventType "swiss"]
[EventCountry "CZE"]
[SourceTitle "playchess.com"]
[Source "ChessBase"]
[SourceQuality "1"]
[TimeControl "40/5400+30:1800+30"]

1. d4 e6 2. c4 b6 3. a3 Bb7 4. Nc3 f5 5. d5 Nf6 6. g3 Na6 7. Bg2 Nc5 8. Qc2 Bd6 9. Nh3 Be5 10. Nf4 O-O 11. O-O Qe7 12. Be3 Nce4 13. Nxe4 Nxe4 14. dxe6 dxe6 15. Nd3 Bd6 16. c5 bxc5 17. f3 c4 18. Qxc4 Bd5 19. Qc2 Nf6 20. Rac1 a5 21. Bf2 Kh8 22. Nf4 Bb7 23. Qb3 e5 24. Ng6+ hxg6 25. Qxb7 Rab8 26. Qa6 Rxb2 27. Qxa5 Rxe2 28. Qb5 Ra2 29. a4 Qd7 30. Qxd7 Nxd7 31. Ra1 Rc2 32. a5 Ra8 33. a6 Nc5 34. a7 Nd3 35. Rfb1 c5 36. Rb6 Rxf2 37. Rxd6 c4 38. Rxd3 Rxg2+ 39. Kxg2 cxd3 40. Kf2 e4 41. Ke3 Kh7 42. g4 Kh6 43. Ra5 exf3 44. Kxf3 Kg5 45. gxf5 gxf5 46. Ke3 Kg4 47. Kxd3 g5 48. Ke3 Kh3 49. Ra2 Kg4 50. Ra6 Kh3 51. Kf2 Kg4 52. Ra3 f4 53. Ra5 Kh4 54. Kf3 Kh5 55. Ra6 g4+ 56. Kxf4 Rf8+ 57. Ke5 Ra8 58. Kd6 Kh4 59. Kc7 1-0

[Event "Prague Open 2024"]
[Site "Prague"]
[Date "2024.01.12"]
[Round "9.20"]
[White "Grave, Jacob Templen"]
[Black "Shen, Zhiyuan"]
[Result "1-0"]
[ECO "D35"]
[WhiteElo "2296"]
[BlackElo "1937"]
[Annotator "RC"]
[PlyCount "115"]
[EventDate "2024.01.02"]
[EventType "swiss"]
[EventCountry "CZE"]
[SourceTitle "playchess.com"]
[Source "ChessBase"]
[SourceQuality "1"]
[TimeControl "40/5400+30:1800+30"]

1. d4 d5 2. c4 e6 3. Nc3 Nf6 4. cxd5 exd5 5. Bg5 Be7 6. e3 c6 7. Bd3 Nbd7 8. Qc2 O-O 9. Nge2 Re8 10. O-O h6 11. Bh4 Nh5 12. Bxe7 Qxe7 13. Rab1 Nhf6 14. b4 a6 15. a4 b5 16. a5 Nf8 17. Na2 Bd7 18. Nac1 Ne4 19. Bxe4 dxe4 20. Ng3 Rac8 21. Nb3 f5 22. Nc5 Ra8 23. Rbc1 Bc8 24. Rfd1 Qf7 25. Qb3 Ne6 26. h4 Nc7 27. Qxf7+ Kxf7 28. Rd2 Nd5 29. Rb2 Ra7 30. Ne2 g5 31. hxg5 hxg5 32. Nc3 Nf6 33. Rd1 Rd8 34. f3 exf3 35. gxf3 Re7 36. e4 fxe4 37. fxe4 Kg6 38. e5 Ng4 39. Re2 Rh8 40. N3e4 Reh7 41. Ng3 Rh3 42. Rd3 Bf5 43. Rb3 R3h7 44. Rf3 Bc8 45. Re4 Rh3 46. Rb3 Nh6 47. e6 Nf5 48. Nxf5 Rh1+ 49. Kf2 R1h2+ 50. Ke1 Rh1+ 51. Kd2 R1h2+ 52. Kc1 Rh1+ 53. Kb2 R1h2+ 54. Ka3 Kxf5 55. Rf3+ Kg6 56. e7 Re8 57. Rf8 Rh8 58. Rxh8 1-0